 Dungeon Crawl Stone Soup version 0.24.0-123-gd5b16e6ec5 (webtiles) character file.

Game seed: 13814084708550341930, levelgen mode: deterministic

213 Goreval the Poker (level 5, -2/42 HPs)
             Began as a Demonspawn Monk on Jan 9, 2020.
             Slain by a bullfrog (5 damage)
             ... in a sewer.
             The game lasted 00:07:30 (3713 turns).

Goreval the Poker (Demonspawn Monk)                 Turns: 3713, Time: 00:07:30

Health: -2/42      AC:  8    Str: 13    XL:     5   Next: 59%
Magic:  5/5        EV:  7    Int: 11    God:
Gold:   207        SH:  0    Dex: 15    Spells: 4/4 levels left

rFire    . . .     SeeInvis .   a - +0 spear
rCold    . . .     Gourm    .   (no shield)
rNeg     . . .     Faith    .   f - +0 scale mail
rPois    .         Spirit   .   (helmet restricted)
rElec    .         Reflect  .   (no cloak)
rCorr    .         Harm     .   (no gloves)
MR       .....                  (no boots)
Stlth    +.........             o - amulet of the acrobat
HPRegen  0.14/turn              (no ring)
MPRegen  0.09/turn              (no ring)

@: about to teleport, constricted
A: horns 1, icy blue scales 1, powered by pain 1
a: no special abilities


You were in a sewer.
You were not hungry.

You visited 1 branch of the dungeon, and saw 3 of its levels.
You also visited: Sewer.

You collected 207 gold pieces.

Inventory:

Hand Weapons
 a - a +0 spear (weapon)
Missiles
 e - 81 stones (quivered)
Armour
 b - a +0 robe
 d - a +0 helmet
 f - a +0 scale mail (worn)
Jewellery
 o - an amulet of the acrobat (around neck)
 p - a +4 amulet of reflection {unknown}
Scrolls
 g - 2 scrolls of teleportation
 h - 7 scrolls of remove curse
 i - 3 scrolls of identify
 l - 3 scrolls of magic mapping {unknown}
 n - a scroll of enchant armour {unknown}
 r - 2 scrolls of noise {unknown}
 v - a scroll of blinking {unknown}
Potions
 j - 2 potions of invisibility {unknown}
 m - a potion of resistance {unknown}
 q - 3 potions of heal wounds {unknown}
 s - 3 potions of magic {unknown}
 t - a potion of brilliance {unknown}
 w - a potion of might {unknown}
Comestibles
 c - 7 rations
 u - 2 chunks of flesh


   Skills:
 + Level 4.1 Fighting
 * Level 4.4 Polearms
 + Level 3.6 Dodging
 - Level 2.0 Stealth


You had 4 spell levels left.
You didn't know any spells.
Your spell library was empty.

Dungeon Overview and Level Annotations

Branches:
Dungeon (3/15)              Sewer (1/1)

Altars:


Innate Abilities, Weirdness & Mutations

You have a pair of small horns on your head.
You are partially covered in icy blue scales. (AC +2)
You sometimes gain a little power by taking damage.


Message History

The bullfrog closely misses you. The adder barely misses you.
The ball python bites you but does no damage.
The ball python constricts you.
You feel better.
The bullfrog hits you but does no damage.
The bullfrog barely misses you. The frilled lizard barely misses you.
The adder barely misses you. The ball python barely misses you.
The ball python constricts you.
The bullfrog hits you but does no damage.
You closely miss the ball python. You headbutt the ball python.
You kill the ball python!
The bullfrog hits you!
* * * LOW HITPOINT WARNING * * *
The frilled lizard barely misses you. The adder closely misses you.
The ball python bites you but does no damage.
The ball python grabs you. The ball python constricts you.
The bullfrog hits you.
* * * LOW HITPOINT WARNING * * *
The bullfrog hits you.
You die...

.....#
#.≈≈≈≈##
≈≈≈≈≈#
#≈≈≈≈≈≈#
≈≈≈≈≈#
#≈≈≈≈≈≈#
≈≈≈≈≈#
#≈≈≈≈≈≈#
≈≈≈≈≈#
#≈≈≈≈≈≈#
≈≈≈≈≈#
#≈≈≈≈#≈#
≈≈≈≈≈#
#≈≈≈≈S≈#
≈≈≈≈≈#
#≈≈≈FSF#
≈≈..##
#≈≈≈l@S#
....≈#
#≈≈≈≈≈≈#
≈≈÷.##
#≈≈≈≈≈≈#
≈≈≈≈≈#
#≈≈≈≈≈≈#
≈≈≈÷≈#
#≈≈≈≈≈≈#
≈≈≈≈≈#
#≈≈≈≈≈≈#
≈≈÷≈≈#
#≈≈≈≈≈≈#
≈≈≈≈≈#
#####≈≈≈≈≈≈#
..≈..#
#..###..≈≈##


You could see 2 bullfrogs, an adder, 2 ball pythons and a frilled lizard.

Vanquished Creatures
  8 adders
  7 river rats
  A worm (D:2)
  2 dart slugs (D:1)
  3 leopard geckos (D:1)
  8 ball pythons
  6 bats
  A giant cockroach (D:2)
  5 goblins
  4 hobgoblins
  3 quokkas
  3 frilled lizards (Sewer)
  5 kobolds
  30 rats
  A plant (D:1)
87 creatures vanquished.

Notes
Turn   | Place    | Note
-------+----------+-------------------------------------------
     0 | D:1      | Goreval the Demonspawn Monk began the quest for the Orb.
     0 | D:1      | Reached XP level 1. HP: 18/18 MP: 1/1
   434 | D:1      | Gained mutation: You are partially covered in icy blue
                  | scales. (AC +2) [demonic ancestry]
   434 | D:1      | Reached XP level 2. HP: 20/24 MP: 2/2
   649 | D:1      | You fall into a shaft and drop 1 floor!
   969 | D:1      | Gained mutation: You sometimes gain a little power by
                  | taking damage. [demonic ancestry]
   969 | D:1      | Reached XP level 3. HP: 29/29 MP: 3/3
  2223 | D:3      | Reached XP level 4. HP: 30/35 MP: 4/4
  2229 | D:3      | Found a glowing drain.
  2501 | Sewer    | Entered a sewer
  3042 | Sewer    | Gained mutation: You have a pair of small horns on your
                  | head. [demonic ancestry]
  3042 | Sewer    | Reached XP level 5. HP: 31/42 MP: 5/5
  3713 | Sewer    | Slain by a bullfrog

Levels and vault maps discovered:
D:1:      onia_arrival_mini_maze, layout_basic,
          wander_ebering_terrifying_dragon_lair
D:2:      layout_rooms, kennysheep_generic_room_13
D:3:      layout_loops_ring, portal_sewer_entry_a
Sewer:    sewer_minmay_w

Skill      XL: |  1  2  3  4  5 |
---------------+----------------+-----
Stealth        | 2 |  2.0
Polearms       | 3 4 |  4.4
Dodging        | 3 |  3.6
Fighting       | 4 |  4.1

Action                   |  1- 3 |  4- 6 || total
-------------------------+-------+-------++-------
Melee: Spear             |   232 |   206 ||   438
       Headbutt          |       |    13 ||    13
Throw: Stone             |    52 |    71 ||   123
  Use: Scroll            |       |     3 ||     3
       Potion            |       |     3 ||     3
  Eat: Chunk             |     4 |     6 ||    10
Armor: Scale mail        |    64 |   145 ||   209
       Robe              |     3 |       ||     3
Dodge: Dodged            |    68 |   160 ||   228
